 Dungeon Crawl Stone Soup version 0.27.0-1-g7a089689b8 (webtiles) character file.

Game seed: 630769700827666234

246 kobby the Shooter (level 6, -1/55 HPs)
             Began as a Naga Wanderer on Aug 14, 2021.
             Slain by Crazy Yiuf (9 damage)
             ... on level 3 of the Dungeon.
             The game lasted 00:07:12 (2672 turns).

kobby the Shooter (Naga Wanderer)                   Turns: 2672, Time: 00:07:13

Health: -1/55      AC:  4    Str: 13    XL:     6   Next: 11%
Magic:  8/8        EV:  9    Int: 12    God:
Gold:   165        SH:  0    Dex: 14    Spells: 8/8 levels left

rFire    . . .     SeeInvis +   i - +0 glaive
rCold    . . .     Faith    .   (shield currently unavailable)
rNeg     . . .     Spirit   .   e - +1 robe
rPois    +         Reflect  .   (no helmet)
rElec    .         Harm     .   (no cloak)
rCorr    .         Rampage  .   (no gloves)
Will     .....                  (no barding)
Stlth    ++........             (no amulet)
HPRegen  0.18/turn              (no ring)
MPRegen  0.11/turn              (no ring)

@: very slow
A: AC +2, large, see invisible, deformed body, poison resistance, slowness 2,
spit poison 1, naga tail 1
a: Spit Poison


You were on level 3 of the Dungeon.
You visited 1 branch of the dungeon, and saw 3 of its levels.

You collected 165 gold pieces.

Inventory:

Hand Weapons
 a - a +3 vorpal shortbow
 g - a +0 hand axe
 i - a +0 glaive (weapon)
Missiles
 b - 62 arrows
Armour
 e - a +1 robe (worn)
Scrolls
 f - 7 scrolls of identify
 k - 2 scrolls of enchant weapon
Potions
 h - 2 potions of flight


   Skills:
 + Level 2.7 Fighting
 + Level 4.1 Bows
 + Level 1.0 Throwing
 + Level 3.6 Armour
 * Level 1.2 Dodging
 + Level 1.1 Stealth
 * Level 1.7 Spellcasting
 + Level 1.0 Evocations


You had 8 spell levels left.
You didn't know any spells.
Your spell library contained the following spells:

 Spells                   Type           Power      Damage    Failure   Level
 Dazzling Flash           Conj/Hex       2%         N/A       63%         3
 Stone Arrow              Conj/Erth      2%         3d7       63%         3
 Animate Armour           Summ/Erth      2%         N/A       95%         4
 Agony                    Necr           1%         N/A       100%        5
 Silence                  Hex/Air        0%         N/A       100%        5
 Lehudib's Crystal Spear  Conj/Erth      0%         10d2      100%        8


Dungeon Overview and Level Annotations

Branches:
Dungeon (3/15)

Altars:
Fedhas
Nemelex Xobeh

Annotations:
D:3 Crazy Yiuf


Innate Abilities, Weirdness & Mutations

Your serpentine skin is tough. (AC +2)
You have supernaturally acute eyesight. (SInv)
Armour fits poorly on your strangely shaped body.
Your system is resistant to poisons. (rPois)
You cover ground very slowly.
You can spit poison.
You have a snake-like lower body.


Message History

There is a fountain of sparkling water here.
There is a fountain of sparkling water here.
There is a fountain of sparkling water here.
Things that are here:
a +2 dagger of protection; 3 stones
Found a mace.
Found a runed translucent door.
You open the door.
Crazy Yiuf shouts!
You shoot an arrow. The arrow hits Crazy Yiuf.
Crazy Yiuf is moderately wounded.
You shoot an arrow. The arrow hits Crazy Yiuf.
Crazy Yiuf is moderately wounded.
You shoot an arrow. The arrow completely misses Crazy Yiuf.
Crazy Yiuf hits you with a +2 quarterstaff of chaos!
You shoot an arrow. The arrow closely misses Crazy Yiuf.
Crazy Yiuf barely misses you.
You shoot an arrow. The arrow closely misses Crazy Yiuf.
Crazy Yiuf barely misses you.
You shoot an arrow. The arrow closely misses Crazy Yiuf.
Crazy Yiuf hits you with a +2 quarterstaff of chaos!
Crazy Yiuf barely misses you.
You shoot an arrow. The arrow closely misses Crazy Yiuf.
Crazy Yiuf hits you with a +2 quarterstaff of chaos!
You are too injured to fight recklessly!
You are too injured to fight recklessly!
You feel better. Crazy Yiuf misses you.
You are too injured to fight recklessly!
i - a +0 glaive (weapon)
You closely miss Crazy Yiuf.
Crazy Yiuf is moderately wounded.
Crazy Yiuf hits you with a +2 quarterstaff of chaos!
Crazy Yiuf burns you.
* * * LOW HITPOINT WARNING * * *
Crazy Yiuf hits you but does no damage.
You hit Crazy Yiuf but do no damage.
Crazy Yiuf is moderately wounded.
Crazy Yiuf hits you with a +2 quarterstaff of chaos!
* * * LOW HITPOINT WARNING * * *
Crazy Yiuf hits you with a +2 quarterstaff of chaos!
You die...

..#
####.#####....#
### #......#
#....# #......#
#..PP# #......#
#.PP## #......#
##.## #......#
#.## #......#
##.# #......#
#.## ########
##@# #g# .(.
#.(.# #.()#
#####


You could see Crazy Yiuf.

Vanquished Creatures
  A hound (D:3)
  Natasha (twice) (D:3)
  4 gnolls (D:3)
  An adder (D:2)
  6 ball pythons
  6 endoplasms
  4 giant cockroaches
  3 goblins
  4 hobgoblins
  A jackal (D:3)
  11 kobolds
  3 quokkas
  5 bats
  2 frilled lizards
  A rat (D:3)
54 creatures vanquished.

Vanquished Creatures (collateral kills)
  A necrophage (D:2)
1 creature vanquished.

Grand Total: 55 creatures vanquished

Notes
Turn   | Place    | Note
-------+----------+-------------------------------------------
     0 | D:1      | kobby the Naga Wanderer began the quest for the Orb.
     0 | D:1      | kobby set off with the following items: a +2 shortbow, 26
                  | arrows, a potion of lignification, a potion of curing, a +0
                  | robe
     0 | D:1      | Reached XP level 1. HP: 19/19 MP: 1/1
   205 | D:1      | Reached skill level 2 in Bows
   205 | D:1      | Reached XP level 2. HP: 26/26 MP: 2/2
   897 | D:2      | Reached XP level 3. HP: 25/32 MP: 3/3
  1199 | D:2      | Found a blossoming altar of Fedhas.
  1455 | D:2      | Noticed a necrophage
  1481 | D:2      | Killed a necrophage
  1482 | D:2      | Reached skill level 3 in Bows
  1482 | D:2      | Reached skill level 1 in Stealth
  1482 | D:2      | Reached skill level 1 in Spellcasting
  1482 | D:2      | Reached XP level 4. HP: 8/39 MP: 3/5
  1900 | D:3      | Reached XP level 5. HP: 45/45 MP: 6/6
  2010 | D:3      | Found a faded altar of an unknown god.
  2028 | D:3      | Reached skill level 1 in Dodging
  2420 | D:3      | Found a sparkling altar of Nemelex Xobeh.
  2421 | D:3      | Noticed Natasha
  2426 | D:3      | Killed Natasha
  2468 | D:3      | Reached skill level 4 in Bows
  2528 | D:3      | Noticed Natasha
  2531 | D:3      | Killed Natasha
  2532 | D:3      | Reached XP level 6. HP: 52/55 MP: 8/8
  2657 | D:3      | Found a runed translucent door.
  2658 | D:3      | Noticed Crazy Yiuf
  2672 | D:3      | Slain by Crazy Yiuf

Illustrated notes

Levels and vault maps discovered:
D:1:      lightli_arrival_farm, layout_loops_ring, minmay_misc_feat_diagonals
D:2:      layout_basic, basic_altar
D:3:      layout_rooms, nemelex_xobeh_ov_fountains_minmay,
          shapermc_ecumenical_altar_mp_urbaneastern, minmay_bisected,
          uniq_crazy_yiuf_cottage, uniq_natasha

Skill      XL: |  1  2  3  4  5 |
---------------+----------------+-----
Bows           | 2 3 4 |  4.1
Stealth        | 1 |  1.1
Spellcasting   | 1 |  1.7
Dodging        | 1 |  1.2
Fighting       | |  2.7
Throwing       | |  1.0
Armour         | |  3.6
Evocations     | |  1.0

Action                   |  1- 3 |  4- 6 || total
-------------------------+-------+-------++-------
Melee: Hand axe          |     1 |       ||     1
       Glaive            |       |     2 ||     2
 Fire: Shortbow          |    90 |    61 ||   151
  Use: Scroll            |     7 |     1 ||     8
       Potion            |     1 |     2 ||     3
Armor: Robe              |     4 |     5 ||     9
       Skin              |       |     8 ||     8
Dodge: Dodged            |    20 |    11 ||    31
